 Dungeon Crawl Stone Soup version 0.23-a0-407-g92528d7 (webtiles) character file.

673 MisterFreud the Slasher (level 7, -3/45 HPs)
             Began as an Octopode Gladiator on Nov 7, 2018.
             Slain by an ogre
             ... wielding a +0 giant club
              (12 damage)
             ... on level 5 of the Dungeon.
             The game lasted 00:08:07 (4257 turns).

MisterFreud the Slasher (Octopode Gladiator)        Turns: 4257, Time: 00:08:08

Health: -3/45      AC:  2    Str: 13    XL:     7   Next: 59%
Magic:  7/7        EV: 14    Int: 12    God:
Gold:   261        SH:  0    Dex: 14    Spells: 6/6 levels left

rFire    + . .     SeeInvis .   a - +1 long sword
rCold    . . .     Gourm    +   (no shield)
rNeg     . . .     Faith    .   b - +1 hat
rPois    +         Spirit   .   h - amulet of the gourmand
rElec    .         Reflect  .   j - ring of poison resistance
rCorr    .         Harm     .   k - ring of protection from fire
MR       .....                  (no ring)
Stlth    ++++......             (no ring)
HPRegen  0.15/turn              (no ring)
MPRegen  0.10/turn              (no ring)
                                (no ring)
                                (no ring)

@: no status effects
A: almost no armour, stealthy swim, amphibious, 8 rings, constrict 8, camouflage
1, gelatinous body 1
a: no special abilities


You were on level 5 of the Dungeon.
You were full.

You visited 1 branch of the dungeon, and saw 7 of its levels.

You collected 261 gold pieces.

Inventory:

Hand Weapons
 a - a +1 long sword (weapon)
 y - a +0 great sword
Missiles
 c - 3 throwing nets (quivered)
 g - 51 arrows
 l - 6 silver javelins
 m - 182 stones
 p - 40 sling bullets
 r - 9 javelins
 w - 31 poisoned needles
Armour
 b - a +1 hat (worn)
Jewellery
 h - an amulet of the gourmand (around mantle)
 j - a ring of poison resistance (left tentacle)
 k - a ring of protection from fire (right tentacle)
 A - an uncursed ring of fire
Wands
 t - a wand of flame (27)
Scrolls
 e - a scroll of identify
 o - 3 scrolls of amnesia
 q - a scroll of enchant weapon
 s - a scroll of enchant armour
Potions
 f - 2 potions of heal wounds
 i - 2 potions of ambrosia
 n - 2 potions of lignification
 u - a potion of haste {unknown}
 v - 2 potions of curing
 x - 2 potions of agility {unknown}
 z - a potion of magic {unknown}
Comestibles
 d - 5 rations


   Skills:
 - Level 2.0 Fighting
 + Level 7.4 Long Blades
 - Level 2.0 Throwing
 - Level 3.0 Dodging
 - Level 6.0 Stealth


You had 6 spell levels left.
You didn't know any spells.
Your spell library was empty.

Dungeon Overview and Level Annotations

Branches:
Dungeon (7/15)
 Temple: D:4-7

Altars:
The Shining One

Shops:
D:4 [((


Innate Abilities, Weirdness & Mutations

You cannot wear most types of armour.
You are very stealthy in the water. (Stealth+)
You are amphibious.
You can wear up to eight rings at the same time.
You can use your tentacles to constrict eight enemies at once.
Your skin changes colour to match your surroundings (Stealth+).
Your rubbery body absorbs attacks. (AC +1, EV +1)


Message History

The ogre closely misses you.
You slash the ogre!
The ogre is almost dead.
You barely miss the ogre.
The ogre is almost dead.
The ogre hits you with a +0 giant spiked club!!
You hit the ogre.
You kill the ogre!
You hit the ogre but do no damage. Your squeeze misses the ogre.
The ogre closely misses you.
You barely miss the ogre. The ogre closely misses you.
You hit the ogre but do no damage. You hit the ogre but do no damage.
You squeeze the ogre!
The ogre is heavily wounded.
The ogre hits you with a +0 giant club!!
* * * LOW HITPOINT WARNING * * *
You slash the ogre!
The ogre is severely wounded.
The ogre hits you with a +0 giant club!
You die...

####.............#.#......##.
##.#.............. .J......
#. ##................#......
##.............##..#......
#[.......>.....#..........
##.#..........##..........
#.#..####....###.##......
####..#.#......#.........
##...>.#...@O.##....$.
#...###..###..# .....
#.......####..## ....
##......###....# .[... #
##.......#.....##..... .##
#.................. .. .>..
###...............## .##....
#...............#.###.......
###............###..#........


You could see an ogre.

Vanquished Creatures
  An ogre (D:5)
  2 scorpions
  A howler monkey (D:4)
  2 crimson imps (D:5)
  2 jellies (D:5)
  An orc wizard (D:4)
  A centaur skeleton (D:4)
  2 iguanas (D:4)
  Terence (D:2)
  3 gnolls
  6 adders
  An ooze (D:2)
  An adder skeleton (D:5)
  4 worms
  3 dart slugs (D:1)
  2 leopard geckos (D:3)
  5 orcs
  6 giant cockroaches
  8 goblins
  7 hobgoblins
  3 quokkas
  8 bats
  7 frilled lizards
  12 kobolds
  4 rats
93 creatures vanquished.

Notes
Turn   | Place    | Note
-------+----------+-------------------------------------------
     0 | D:1      | MisterFreud the Octopode Gladiator began the quest for the
                  | Orb.
     0 | D:1      | Reached XP level 1. HP: 14/14 MP: 1/1
    30 | D:1      | Reached skill level 1 in Stealth
   232 | D:1      | Reached XP level 2. HP: 19/19 MP: 2/2
   471 | D:1      | Reached XP level 3. HP: 24/24 MP: 3/3
   847 | D:2      | Reached skill level 5 in Stealth
   899 | D:2      | Reached XP level 4. HP: 27/29 MP: 4/4
  1452 | D:2      | Reached XP level 5. HP: 14/34 MP: 5/5
  1828 | D:2      | Noticed Terence
  1836 | D:2      | Killed Terence
  1836 | D:2      | Reached skill level 4 in Long Blades
  2676 | D:3      | Reached XP level 6. HP: 31/39 MP: 6/6
  2917 | D:4      | Found a glowing golden altar of the Shining One.
  2922 | D:4      | Reached skill level 5 in Long Blades
  2954 | D:4      | Found Yqasusk's Antique Weapon Shoppe.
  3077 | D:4      | Found Ejasik's Antique Weapon Boutique.
  3162 | D:4      | Reached skill level 6 in Long Blades
  3203 | D:4      | Found Seaxuxy's Antique Armour Boutique.
  3383 | D:4      | You fall through a shaft for 3 floors!
  3470 | D:5      | Entered Level 5 of the Dungeon
  3495 | D:5      | Reached XP level 7. HP: 28/45 MP: 7/7
  4069 | D:5      | Reached skill level 7 in Long Blades
  4257 | D:5      | Slain by an ogre

Vault maps used:
D:1:      scummos_arrival_simple_crosswalls, serial_bayou_pond_e
D:2:      uniq_terence
D:3:      minmay_goblin_kobold_house
D:4:      first_ration, serial_shops, shop, nicolae_shop_trees,
          nicolae_shop_overgrown_old_shop, nicolae_tso_swordbearing_angel
D:5:      chequers_avenue
D:6:      lemuel_round_altar, temple_pool_b, uniq_sigmund
D:7:      serial_shops, shop

Skill      XL: |  1  2  3  4  5  6  7 |
---------------+----------------------+-----
Stealth        | 2 3 5 6 |  6.0
Long Blades    | 4 6 7 |  7.4
Fighting       | |  2.0
Throwing       | |  2.0
Dodging        | |  3.0

Action                   |  1- 3 |  4- 6 |  7- 9 || total
-------------------------+-------+-------+-------++-------
Melee: Long sword        |    43 |   114 |    22 ||   179
       Constrict         |    10 |    31 |     4 ||    45
       Tentacles         |    12 |    24 |     5 ||    41
       Great sword       |       |       |     7 ||     7
Evoke: Wand              |       |       |     1 ||     1
  Use: Scroll            |     5 |       |     5 ||    10
       Potion            |       |     1 |       ||     1
 Stab: Sleeping          |     9 |    15 |     1 ||    25
  Eat: Chunk             |    14 |     9 |       ||    23
Armor: Skin              |     7 |     5 |     1 ||    13
Dodge: Dodged            |    24 |    68 |    20 ||   112
       Rpst.: Long sword |     7 |    18 |     3 ||    28
       Great sword       |       |       |     1 ||     1

Table legend:
 A = Non-vault XP
 B = Vault XP
 C = Vault XP percentage of total XP
 D = Non-vault monster count
 E = Vault monster count
 F = Vault count percentage of total count
                 A         B        C        D         E       F
            +---------+---------+-------+---------+---------+-------
      Total |     923 |      39 |   4.1 |      89 |       4 |   4.3
            +---------+---------+-------+---------+---------+-------
        D:1 |      50 |       0 |   0.0 |      19 |       0 |   0.0
        D:2 |     167 |      36 |  17.7 |      23 |       1 |   4.2
        D:3 |      75 |       3 |   3.8 |      26 |       3 |  10.3
        D:4 |     252 |       0 |   0.0 |      13 |       0 |   0.0
        D:5 |     379 |       0 |   0.0 |       8 |       0 |   0.0
            +---------+---------+-------+---------+---------+-------
